 Dungeon Crawl Stone Soup version 0.27.1-1-g398f81649c (webtiles) character file.

Game seed: 8795708399112461861

21 Crownlay the Chopper (level 2, -24/26 HPs)
             Began as a Hill Orc Fighter on Sept 5, 2021.
             Annihilated by an ogre (30 damage)
             ... on level 2 of the Dungeon.
             The game lasted 00:01:00 (1005 turns).

Crownlay the Chopper (Hill Orc Fighter)             Turns: 1005, Time: 00:01:01

Health: -24/26     AC:  6    Str: 18    XL:     2   Next: 83%
Magic:  2/2        EV:  9    Int:  8    God:
Gold:   12         SH:  0    Dex: 10    Spells: 1/1 levels left

rFire    . . .     SeeInvis .   a - +0 war axe
rCold    . . .     Faith    .   (no shield)
rNeg     . . .     Spirit   .   b - +0 scale mail
rPois    .         Reflect  .   (no helmet)
rElec    .         Harm     .   (no cloak)
rCorr    .         Rampage  .   (no gloves)
Will     .....                  (no boots)
Stlth    ..........             (no amulet)
HPRegen  0.08/turn              (no ring)
MPRegen  0.08/turn              (no ring)

@: no status effects
A: no striking features
a: no special abilities


You were on level 2 of the Dungeon.
You visited 1 branch of the dungeon, and saw 2 of its levels.

You collected 12 gold pieces.

Inventory:

Hand Weapons
 a - a +0 war axe (weapon)
Missiles
 l - a curare-tipped dart (quivered)
Armour
 b - a +0 scale mail (worn)
 c - a +0 kite shield
Scrolls
 h - a scroll of noise {unknown}
 i - a scroll of magic mapping {unknown}
 j - a scroll of amnesia {unknown}
Potions
 d - a potion of might
 e - a potion of flight {unknown}
 f - 2 potions of cancellation {unknown}
 g - a potion of curing {unknown}
 k - a potion of berserk rage {unknown}


   Skills:
 - Level 3.6 Fighting
 + Level 4.4 Axes
 - Level 3.2 Armour
 - Level 3.2 Shields


You had one spell level left.
You didn't know any spells.
Your spell library was empty.

Dungeon Overview and Level Annotations

Branches:
Dungeon (2/15)

Altars:


Message History

You slash the kobold!
You kill the kobold!
No target in view!
No target in view!
No target in view!
You see here a +2 dagger of freezing.
Found a golden potion.
k - a golden potion You open the door.
There is an open door here.
Found 2 curare-tipped darts.
You see here 2 curare-tipped darts.
Found a stone staircase leading down.
No target in view!
You see here 2 curare-tipped darts.
l - 2 curare-tipped darts An ogre comes into view.
It is wielding a +0 giant spiked club.
The ogre shouts!
You throw a curare-tipped dart. The curare-tipped dart hits the ogre.
The ogre is poisoned.
The ogre convulses.
The ogre seems to slow down.
The ogre is moderately wounded.
You hit the ogre but do no damage.
The ogre is moderately wounded.
The ogre hits you with a +0 giant spiked club!
You hit the ogre.
The ogre is moderately wounded.
You barely miss the ogre.
The ogre is moderately wounded.
The ogre closely misses you.
You hit the ogre.
The ogre is heavily wounded.
You barely miss the ogre.
The ogre is severely wounded.
The ogre hits you with a +0 giant spiked club!
* * * LOW HITPOINT WARNING * * *
You barely miss the ogre.
The ogre is severely wounded.
The ogre hits you with a +0 giant spiked club!!
Ouch! That really hurt!
You die...

###########
#.....#...
#.###.#..
#.# #.#.#
#.#
#.#.#.####
#.#
#.@O(.....
#.#
##########
###.#####
#.......#
#######.#
###### ≈ #.#
#....# ≈
#.#####....#
#♣≈
#.....'....#
#.≈
#######....#
#..


You could see an ogre (poisoned, slow).

Vanquished Creatures
  A dart slug (D:1)
  2 endoplasms (D:1)
  A giant cockroach (D:1)
  4 jackals (D:1)
  A quokka (D:1)
  2 ball pythons (D:1)
  2 frilled lizards (D:1)
  3 kobolds
  A rat (D:1)
17 creatures vanquished.

Vanquished Creatures (others)
  6 plants (D:2)
6 creatures vanquished.

Grand Total: 23 creatures vanquished

Notes
Turn   | Place    | Note
-------+----------+-------------------------------------------
     0 | D:1      | Crownlay the Hill Orc Fighter began the quest for the Orb.
     0 | D:1      | Reached XP level 1. HP: 19/19 MP: 1/1
    49 | D:1      | Reached skill level 3 in Axes
   194 | D:1      | Found a faded altar of an unknown god.
   295 | D:1      | Reached XP level 2. HP: 26/26 MP: 2/2
   622 | D:1      | Reached skill level 4 in Axes
   997 | D:2      | Noticed an ogre
  1005 | D:2      | Annihilated by an ogre

Illustrated notes

Levels and vault maps discovered:
D:1:      dpeg_arrival_tiny_k, layout_loops_corners,
          ebering_ecumenical_altar_rust
D:2:      layout_basic, serial_bayou_lagoon_b, uniq_natasha, uniq_sigmund

Skill      XL: |  1  2 |
---------------+-------+-----
Axes           | 3 4 |  4.4
Fighting       | |  3.6
Armour         | |  3.2
Shields        | |  3.2

Action                   || total
-------------------------++-------
Melee: War axe           ||    43
Throw: Dart              ||     1
Armor: Scale mail        ||    17
Dodge: Dodged            ||     8
Block: Kite shield       ||    19
